 Dungeon Crawl Stone Soup version 0.21.1-1-g345015f (webtiles) character file.

83 Iko the Skirmisher (level 4, -4/44 HPs)
             Began as a Naga Chaos Knight on July 13, 2018.
             Splashed by a jelly's acid (5 damage)
             ... on level 4 of the Dungeon.
             The game lasted 00:08:27 (691 turns).

Iko the Skirmisher (Naga Chaos Knight)               Turns: 691, Time: 00:08:27

Health: -4/44      AC: -1    Str: 15    XL:     4   Next: 44%
Magic:  4/4        EV:  9    Int: 12    God:    Xom [..*...]
Gold:   77         SH:  0    Dex: 11    Spells: 3/3 levels left

rFire    . . .     SeeInvis +   j - +4 quarterstaff (chaos)
rCold    . . .     Gourm    .   (shield currently unavailable)
rNeg     . . .     Faith    .   b - +2 leather armour
rPois    +         Spirit   .   (no helmet)
rElec    .         Reflect  .   k - +0 cloak
rCorr    .         Harm     .   (no gloves)
MR       .....                  (no barding)
Stlth    +.........             f - amulet of rage
HPRegen  0.14/turn              (no ring)
MPRegen  0.09/turn              (no ring)

@: corroded, very slow
A: large, see invisible, deformed body, poison resistance, slowness 2, slow
metabolism 1, spit poison 1, AC +1
a: Spit Poison, Renounce Religion, Evoke Berserk Rage


You were on level 4 of the Dungeon.
You worshipped Xom.
You were a toy of Xom.
You were not hungry.

You visited 1 branch of the dungeon, and saw 4 of its levels.

You collected 77 gold pieces.

Inventory:

Hand Weapons
 j - a +4 quarterstaff of chaos (weapon)
Armour
 b - a +2 leather armour (worn)
 k - a +0 cloak (worn)
Jewellery
 f - an amulet of rage (around neck)
Scrolls
 d - 2 scrolls of blinking
 h - a scroll of amnesia
 i - a scroll of immolation
Potions
 e - a potion of agility
 g - a potion of brilliance
Comestibles
 c - 2 rations


   Skills:
 + Level 3.7 Fighting
   Level 3.6 Polearms
 + Level 0.1(2.1) Staves
 + Level 2.2 Armour
 + Level 1.3 Dodging
 + Level 0.8 Stealth


You had 3 spell levels left.
You didn't know any spells.

Dungeon Overview and Level Annotations

Branches:
Dungeon (4/15)
 Temple: D:4-7

Altars:


Innate Abilities, Weirdness & Mutations

You cannot wear boots.
Your serpentine skin is tough. (AC +1)
You have supernaturally acute eyesight. (SInv)
Armour fits poorly on your strangely shaped body.
Your system is resistant to poisons. (rPois)
You cover ground very slowly.
You have a slow metabolism.
You can spit poison.


Message History

You detect items!
You hit the jelly.
Your hands burn!
* * * LOW HITPOINT WARNING * * *
The jelly is lightly wounded.
The jelly hits you but does no damage.
You hit the jelly. You freeze the jelly. The acid corrodes you!
Your hands burn!
* * * LOW HITPOINT WARNING * * *
The jelly is moderately wounded.
The jelly hits you but does no damage. The jelly hits you.
* * * LOW HITPOINT WARNING * * *
You are splashed with acid!
The acid burns!
* * * LOW HITPOINT WARNING * * *
You hit the jelly.
You feel better.
Your hands burn!
* * * LOW HITPOINT WARNING * * *
The jelly is moderately wounded.
The jelly barely misses you.
You hit the jelly. You drain the jelly! The acid corrodes you!
Your hands burn!
You die...
Xom thinks this is hilarious!

....# #....##
#####.....###
.
............
..# .........
....#
#.......
#...##..#..#
#.J@..#..#
###..#...#
##......#
##......#
#..###...#
#..# ##..#
.#.. #...
..##.∆ #..
... .#


You could see a jelly.

Vanquished Creatures
  Crazy Yiuf (D:3)
  2 adders (D:3)
  An ooze (D:2)
  A dart slug (D:1)
  2 leopard geckos
  3 orcs (D:3)
  A giant cockroach (D:2)
  4 goblins
  2 hobgoblins
  A kobold (D:1)
  5 bats
  3 rats (D:1)
26 creatures vanquished.

Notes
Turn   | Place    | Note
-------+----------+-------------------------------------------
     0 | D:1      | Iko the Naga Chaos Knight began the quest for the Orb.
     0 | D:1      | Reached XP level 1. HP: 21/21 MP: 1/1
    57 | D:1      | Reached XP level 2. HP: 20/28 MP: 2/2
   169 | D:1      | Reached skill level 1 in Dodging
   192 | D:1      | XOM: harmless Erth miscast
   268 | D:2      | Reached XP level 3. HP: 34/34 MP: 3/3
   580 | D:3      | Found a runed door.
   580 | D:3      | Noticed Crazy Yiuf
   586 | D:3      | XOM: silly message
   589 | D:3      | Killed Crazy Yiuf
   589 | D:3      | Reached XP level 4. HP: 20/44 MP: 4/4
   687 | D:4      | XOM: divination: detect items
   689 | D:4      | HP: 1/44 [acid (8)]
   691 | D:4      | Splashed by a jelly's acid

Skill      XL: |  1  2  3 |
---------------+----------+-----
Dodging        | 1 |  1.3
Armour         | 2 |  2.2
Fighting       | |  3.7
Polearms       | |  3.6
Staves         | |  0.1
Stealth        | |  0.8

Action                   |  1- 3 |  4- 6 || total
-------------------------+-------+-------++-------
Melee: Spear             |    71 |       ||    71
       Quarterstaff      |       |    22 ||    22
 Abil: Spit Poison       |     5 |     1 ||     6
  Use: Scroll            |     5 |       ||     5
       Potion            |     4 |       ||     4
 Stab: Paralysed         |     1 |       ||     1
Armor: Leather armour    |    30 |     6 ||    36
Dodge: Dodged            |    30 |     8 ||    38
